 Dungeon Crawl Stone Soup version 0.12.2-13-gffed442 (webtiles) character file.

307 deathmort the Stinger (level 5, -8/28 HPs)
             Began as a Kobold Venom Mage on Aug 1, 2013.
             Killed by divine providence
             ... invoked by an orc priest
              (14 damage)
             ... on Level 3 of the Dungeon.
             The game lasted 00:30:25 (3134 turns).

deathmort the Stinger (Kobold Venom Mage)           Turns: 3134, Time: 00:30:25

HP  -8/28        AC  2     Str  7      XL: 5   Next:  7%
MP   3/9         EV 16     Int 14      God:
Gold 203         SH  0     Dex 16      Spells:  3 memorised,  2 levels left

Res.Fire  : . . .   See Invis. : .   r - +2,+3 dwarf dagger
Res.Cold  : . . .   Warding    : .   a - +0 robe
Life Prot.: . . .   Conserve   : .   (no shield)
Res.Poison: .       Res.Corr.  : .   (no helmet)
Res.Elec. : .       Clarity    : .   (no cloak)
Sust.Abil.: . .     Spirit.Shd : .   (no gloves)
Res.Mut.  : .       Stasis     : .   (no boots)
Res.Rott. : .       Ctrl.Telep.: .   (no amulet)
Saprovore : + + .   Flight     : .   (no ring)
                                     (no ring)

@: slightly resistant to hostile enchantments, quite stealthy
A: disease resistance, carnivore 3, saprovore 2
a: no special abilities


You were on level 3 of the Dungeon.
You were full.

You visited 1 branch of the dungeon, and saw 3 of its levels.

You collected 183 gold pieces.

Inventory:

Hand weapons
 g - a +0,+0 dagger (quivered)
 h - a +0,+0 short sword
 r - a +2,+3 dwarven dagger (weapon)
Missiles
 e - 17 bolts
 q - 14 stones
Armour
 a - a +0 robe (worn)
Magical devices
 o - a wand of confusion (19) {unknown}
 p - a wand of slowing (4)
Comestibles
 c - a meat ration
Scrolls
 i - 2 scrolls of identify {unknown}
 j - 2 scrolls of recharging {unknown}
 k - a scroll of random uselessness {unknown}
 l - a scroll of fear {unknown}
 m - a scroll of enchant armour {unknown}
 n - 2 scrolls of noise {unknown}
Books
 b - a Young Poisoner's Handbook

   Spells                             Type                      Level
   *Sting                             Conjuration/Poison           1
   *Cure Poison                       Poison                       2
   *Mephitic Cloud                    Conjuration/Poison/Air       3
   Olgreb's Toxic Radiance            Poison                       4
   Venom Bolt                         Conjuration/Poison           5


   Skills:
 + Level 3.8 Dodging
 + Level 4.2 Stealth
 + Level 2.0 Spellcasting
 + Level 4.4 Poison Magic


You had 2 spell levels left.
You knew the following spells:

 Your Spells              Type           Power        Failure   Level  Hunger
a - Sting                 Conj/Pois      ##...        12%         1    ##.....
b - Cure Poison           Pois           ###.......   10%         2    ###....
c - Mephitic Cloud        Conj/Pois/Air  ##.......    47%         3    ####...


Dungeon Overview and Level Annotations

Branches:
Dungeon (3/27)

Altars:
Cheibriados
Kikubaaqudgha
Makhleb
Trog


Innate Abilities, Weirdness & Mutations

You recuperate from illness quickly.
You are small and have problems with some larger weapons.
You are carnivorous and can eat meat at any time.
You can eat rotten meat.


Message History

The orc priest is heavily wounded.
Casting: Sting
Confirm with . or Enter, or press ? or * to list all spells.
Aiming: Sting
Press: ? - help, Shift-Dir - straight line, f/p - orc priest
Aim: an orc priest, wielding a whip and wearing an orcish leather armour (heavily wounded, poisoned)
The sting hits the orc priest.
The orc priest is heavily wounded.
The orc priest mumbles some strange prayers to Beogh against you.
Pain shoots through your body!
* * * LOW HITPOINT WARNING * * *
You completely miss the orc priest.
The orc priest is heavily wounded.
The orc priest hits you with a whip.
* * * LOW HITPOINT WARNING * * *
The orc priest's eyes start to glow.
The orc priest calls down the wrath of Beogh upon you.
Something smites you!
Ouch! That really hurt!
You die...

#.# #.# #.#
#.#
##########.#
#.o..%.....#
#.########.#
#.# #.# #@#
#.# #%# #.#
#.# #.# #.#
#.# #.# ...
#.# _ #.#
#.# . #.#
...


You could see an orc priest.

Vanquished Creatures
  An orc wizard (D:3)
  2 adders
  A giant mite (D:1)
  2 giant geckos (D:1)
  An ooze (D:1)
  3 orcs (D:3)
  10 goblins
  9 hobgoblins
  6 kobolds
  2 quokkas (D:2)
  5 bats
  A giant cockroach (D:1)
  A giant newt (D:1)
  4 rats
48 creatures vanquished.

Vanquished Creatures (others)
  A kobold (D:2)
1 creature vanquished.

Grand Total: 49 creatures vanquished

Notes
Turn   | Place    | Note
--------------------------------------------------------------
     0 | D:1      | deathmort, the Kobold Venom Mage, began the quest for the Orb.
     0 | D:1      | Reached XP level 1. HP: 10/10 MP: 3/3
   128 | D:1      | Reached XP level 2. HP: 12/15 MP: 0/4
   605 | D:1      | Learned a level 2 spell: Cure Poison
   695 | D:1      | Reached XP level 3. HP: 19/19 MP: 4/6
  1990 | D:2      | Reached XP level 4. HP: 18/24 MP: 4/7
  2100 | D:2      | Found an ancient bone altar of Kikubaaqudgha.
  2345 | D:3      | Found a bloodstained altar of Trog.
  2588 | D:3      | Found a snail-covered altar of Cheibriados.
  2798 | D:3      | Found a burning altar of Makhleb.
  2846 | D:3      | Learned a level 3 spell: Mephitic Cloud
  2998 | D:3      | Reached XP level 5. HP: 17/28 MP: 0/9
  3134 | D:3      | Killed from afar by an orc priest

Action                   |  1- 3 |  4- 6 || total
-------------------------+-------+-------++-------
Melee: Short sword       |    35 |    11 ||    46
       Dagger            |       |     3 ||     3
 Cast: Sting             |    56 |    41 ||    97
       Mephitic Cloud    |       |     2 ||     2
Evoke: Wand              |       |     1 ||     1
  Use: Potion            |       |     2 ||     2
       Scroll            |       |     1 ||     1
